[Event "Olimpiade 2024 - Donne"]
[Site "Budapest"]
[Date "22.09.2024"]
[Round "11.25"]
[White "Canino, Ruelle"]
[Black "Dias, Clara"]
[Result "1-0"]
[WhiteElo "2004"]
[BlackElo "1954"]
[ECO "A30"]
[Opening "English"]
[Variation "symmetrical variation"]
[TimeControl "40/5400+30:1800"]
[EventDate "2024.09.11"]
[Board "4"]
[WhiteFideId "5220416"]
[BlackFideId "22779078"]
[WhiteTeam "Philippines"]
[BlackTeam "Brazil"]

1. c4 c5 2. Nf3 Nc6 3. g3 g6 4. Bg2 Bg7 5. O-O Rb8 6. Nc3 d6 7. a3 a6 8.
Rb1 Nh6 9. b4 cxb4 10. axb4 b5 11. cxb5 axb5 12. d4 Nf5 13. e3 O-O 14. Re1
Qb6 15. Qb3 Bd7 16. g4 Nh6 17. h3 e5 18. d5 Ne7 19. g5 Nhf5 20. Ne4 f6 21.
gxf6 Bxf6 22. Nxf6+ Rxf6 23. Bb2 Rbf8 24. Re2 h6 25. Rc1 Kh7 26. Rec2 Bc8
27. Rc7 R6f7 28. R1c2 e4 29. Nd4 Nh4 30. Ne6 Re8 31. Bxe4 Nf3+ 32. Bxf3
Rxf3 33. Ng7 Ref8 34. Rxe7 1-0

[Event "Olimpiade 2024 - Donne"]
[Site "Budapest"]
[Date "22.09.2024"]
[Round "11.26"]
[White "Ortez, Andrea"]
[Black "Tan, Li Ting"]
[Result "1/2-1/2"]
[WhiteElo "1948"]
[BlackElo "2037"]
[ECO "C77"]
[Opening "Ruy Lopez"]
[Variation "Wormald (Alapin) attack"]
[TimeControl "40/5400+30:1800"]
[EventDate "2024.09.11"]
[Board "1"]
[WhiteFideId "6702392"]
[BlackFideId "5704820"]
[WhiteTeam "El Salvador"]
[BlackTeam "Malaysia"]

1. e4 e5 2. Nf3 Nc6 3. Bb5 a6 4. Ba4 Nf6 5. Qe2 b5 6. Bb3 Bc5 7. c3 d6 8.
d3 h6 9. O-O O-O 10. Be3 Bg4 11. Nbd2 Ba7 12. h3 Bd7 13. a4 b4 14. a5 Rb8
15. Bc4 Bxe3 16. fxe3 bxc3 17. bxc3 Rb2 18. Qe1 Be6 19. Bxa6 d5 20. Qc1 Rb8
21. exd5 Qxd5 22. Bc4 Qd6 23. Bxe6 Qxe6 24. Qc2 Rfd8 25. a6 Ra8 26. Ra4 Ne7
27. Nc4 Ned5 28. Rb1 e4 29. Nd4 exd3 30. Qxd3 Qe8 31. Ra5 Ne4 32. Rb3 c5
33. Nb5 Ndxc3 34. Nbd6 Nxd6 35. Nxd6 Qe6 36. Qxc3 Rxd6 37. Rxc5 Rdxa6 38.
Rcb5 Qd6 39. Qe5 Qxe5 40. Rxe5 Rf6 41. Rb2 Ra1+ 42. Kh2 g6 43. Re8+ Kg7 44.
Kg3 h5 45. Re4 Ra5 46. Rf4 Re5 47. Rxf6 Kxf6 48. Kf3 Kg5 49. Rb4 Ra5 50.
h4+ Kf5 51. Rf4+ Ke6 52. Re4+ Kf6 1/2-1/2

[Event "Olimpiade 2024 - Donne"]
[Site "Budapest"]
[Date "22.09.2024"]
[Round "11.26"]
[White "Azhar, Puteri Munajjah Az-Zahraa"]
[Black "Garcia, Angie"]
[Result "1/2-1/2"]
[WhiteElo "2014"]
[BlackElo "2015"]
[ECO "A07"]
[Opening "Reti"]
[Variation "King's Indian attack (Barcza system)"]
[TimeControl "40/5400+30:1800"]
[EventDate "2024.09.11"]
[Board "2"]
[WhiteFideId "5709040"]
[BlackFideId "6702503"]
[WhiteTeam "Malaysia"]
[BlackTeam "El Salvador"]

1. Nf3 d5 2. g3 Nf6 3. Bg2 g6 4. d3 Bg7 5. c3 O-O 6. O-O Nbd7 7. d4 c6 8.
Nbd2 Re8 9. e4 dxe4 10. Ng5 e5 11. dxe5 Nxe5 12. Qb3 h6 13. Ngxe4 Nxe4 14.
Bxe4 Be6 15. Qc2 Bd5 16. Bxd5 Qxd5 17. Qe4 Qxe4 18. Nxe4 Nf3+ 19. Kg2 Nxh2
20. Kxh2 Rxe4 21. Be3 b6 22. Rfd1 Re7 23. Rd6 c5 24. Rad1 Rae8 25. Kg2 Be5
26. Rd7 Kg7 27. a4 a5 28. Kf3 g5 29. R1d3 Rxd7 30. Rxd7 Re6 31. Rd8 Bf6 32.
Rd7 Kg6 33. g4 h5 34. gxh5+ Kxh5 35. Rxf7 Kg6 36. Rd7 Kf5 37. Rb7 g4+ 38.
Kg2 Be5 39. Rd7 Ke4 40. Rd8 g3 41. Bc1 gxf2 42. Kxf2 Rf6+ 43. Ke2 Rg6 44.
Kf2 Rf6+ 45. Ke2 Rf7 46. Bd2 Rg7 47. Kd1 Rg2 48. b3 Rf2 49. Re8 Kd3 50.
Rd8+ Ke4 51. Kc1 1/2-1/2

[Event "Olimpiade 2024 - Donne"]
[Site "Budapest"]
[Date "22.09.2024"]
[Round "11.26"]
[White "Vasquez Vasquez, Marielos"]
[Black "Azhar, Puteri Rifqah Fahada"]
[Result "1/2-1/2"]
[WhiteElo "1844"]
[BlackElo "1947"]
[ECO "D11"]
[Opening "QGD Slav"]
[Variation "3.Nf3"]
[TimeControl "40/5400+30:1800"]
[EventDate "2024.09.11"]
[Board "3"]
[WhiteFideId "6705723"]
[BlackFideId "5702879"]
[WhiteTeam "El Salvador"]
[BlackTeam "Malaysia"]

1. d4 d5 2. c4 c6 3. Nf3 Nf6 4. g3 Bf5 5. Qb3 Qb6 6. c5 Qxb3 7. axb3 Nbd7
8. Nc3 a6 9. b4 Rc8 10. e3 e6 11. Be2 h6 12. h4 Bg4 13. Nd2 Bxe2 14. Kxe2
Be7 15. f3 e5 16. Kd3 O-O 17. Nb3 Bd8 18. g4 Re8 19. g5 e4+ 20. Kc2 hxg5
21. hxg5 Nh7 22. f4 g6 23. Bd2 Kg7 24. Rh6 Rg8 25. Rah1 Nhf8 26. Ne2 Bc7
27. Bc3 Ne6 28. Rh7+ Kf8 29. Rf1 Ng7 30. Ng3 Ke8 31. Rh3 Nf8 32. Na5 Bxa5
33. bxa5 Nf5 34. Nxf5 gxf5 35. Rfh1 Ng6 36. Rh6 Ke7 37. Be1 Rh8 38. Rxh8
Rxh8 39. Rxh8 Nxh8 40. Kd2 Ng6 41. Ke2 f6 42. gxf6+ Kxf6 43. Bf2 1/2-1/2

[Event "Olimpiade 2024 - Donne"]
[Site "Budapest"]
[Date "22.09.2024"]
[Round "11.26"]
[White "Nithyalakshmi, Sivanesan"]
[Black "Barahona, Dalila Yamileth"]
[Result "1-0"]
[WhiteElo "1912"]
[BlackElo "1833"]
[ECO "B27"]
[Opening "Sicilian"]
[Variation "Hungarian variation"]
[TimeControl "40/5400+30:1800"]
[EventDate "2024.09.11"]
[Board "4"]
[WhiteFideId "5706955"]
[BlackFideId "6705740"]
[WhiteTeam "Malaysia"]
[BlackTeam "El Salvador"]

1. e4 c5 2. Nf3 g6 3. c3 d5 4. e5 Nc6 5. d4 Bg7 6. Bb5 Qa5 7. Bxc6+ bxc6 8.
O-O Rb8 9. dxc5 Qxc5 10. Be3 Qa5 11. b4 Qc7 12. Qa4 Bg4 13. Nbd2 f6 14. Nd4
fxe5 15. Qxc6+ Qd7 16. Qxd7+ Bxd7 17. N4b3 d4 18. cxd4 exd4 19. Nxd4 Rxb4
20. N2f3 Nf6 21. Rab1 Nd5 22. Rxb4 Nxb4 23. Rb1 a5 24. a3 Nc6 25. Rb7 Rf8
26. Nxc6 Bxc6 27. Ra7 Rf5 28. h4 a4 29. Bg5 Bxf3 30. gxf3 Rxf3 31. Rxe7+
Kf8 32. Re4 h6 33. Be3 Kf7 34. Rxa4 Rf5 35. Ra7+ Kg8 36. a4 Rh5 37. a5 Rxh4
38. a6 Bd4 39. Bxd4 Rxd4 40. Rb7 Ra4 41. a7 1-0

[Event "Olimpiade 2024 - Donne"]
[Site "Budapest"]
[Date "22.09.2024"]
[Round "11.27"]
[White "Linares Napoles, Oleiny"]
[Black "Rouda Essa, Alserkal"]
[Result "1-0"]
[WhiteElo "2201"]
[BlackElo "2036"]
[ECO "A00"]
[Opening "Grob's attack"]
[TimeControl "40/5400+30:1800"]
[EventDate "2024.09.11"]
[Board "1"]
[WhiteFideId "3504794"]
[BlackFideId "9314318"]
[WhiteTeam "Cuba"]
[BlackTeam "United Arab Emirates"]

1. g4 d5 2. Bg2 e5 3. c4 Bc5 4. cxd5 Bxg4 5. Qa4+ Bd7 6. Qc4 Na6 7. Nc3 Nf6
8. e3 Nb4 9. Kf1 Bd6 10. a3 Na6 11. b4 Rb8 12. Bb2 b5 13. Qd3 h5 14. Re1
Ng4 15. h3 Nh6 16. Qe2 Nf5 17. Nf3 Nh4 18. Nxh4 Qxh4 19. d4 O-O 20. Ne4
exd4 21. Bxd4 f5 22. Nxd6 cxd6 23. f4 Rbc8 24. Bf3 Be8 25. Qf2 Qxf2+ 26.
Kxf2 Rc2+ 27. Re2 Rxe2+ 28. Kxe2 g6 29. Bxa7 Bd7 30. Rc1 Ra8 31. Bd4 Kf7
32. Kd3 Rg8 33. h4 Rc8 34. Rxc8 Bxc8 35. Bb6 Bd7 36. Kc3 Kf6 37. Be2 Ke7
38. a4 Nxb4 39. Kxb4 bxa4 40. Bd1 Bc8 41. Bxa4 Ba6 42. Bb5 Bb7 43. Bc6 Ba6
44. Ka5 Bc4 45. Bd4 Ba2 46. Kb6 Bc4 47. Kc7 Ba2 48. Bc3 Bb3 49. Bb4 1-0

[Event "Olimpiade 2024 - Donne"]
[Site "Budapest"]
[Date "22.09.2024"]
[Round "11.27"]
[White "Al Maamari, Wafia Darwish"]
[Black "Miranda Llanes, Yerisbel"]
[Result "1/2-1/2"]
[WhiteElo "1908"]
[BlackElo "2294"]
[ECO "D30"]
[Opening "QGD Slav"]
[TimeControl "40/5400+30:1800"]
[EventDate "2024.09.11"]
[Board "2"]
[WhiteFideId "9305734"]
[BlackFideId "3507700"]
[WhiteTeam "United Arab Emirates"]
[BlackTeam "Cuba"]

1. Nf3 d5 2. d4 Nf6 3. c4 e6 4. e3 Nbd7 5. Nbd2 c6 6. Bd3 Be7 7. O-O O-O 8.
e4 dxe4 9. Nxe4 Nxe4 10. Bxe4 Nf6 11. Bc2 c5 12. Qd3 cxd4 13. Bg5 g6 14.
Qxd4 Qxd4 15. Nxd4 Bd7 16. Nf3 Rfd8 17. Rad1 Be8 18. h4 Kf8 19. Rxd8 Rxd8
20. Rd1 Rc8 21. Bd3 Ng4 22. Bxe7+ Kxe7 23. Be2 e5 24. Rd5 Bc6 25. Ra5 a6
26. Nxe5 Nxe5 27. Rxe5+ Kd6 28. Re3 a5 29. Kf1 Rc7 30. g4 h6 31. g5 hxg5
32. hxg5 Rc8 33. Bf3 b6 34. Bxc6 Rxc6 35. Rf3 Ke7 36. b3 Rc5 37. Rf6 b5 38.
cxb5 Rxb5 39. f4 a4 40. bxa4 Ra5 41. Kf2 Rxa4 42. Kf3 Rxa2 43. Rb6 Ra3+ 44.
Kg4 Ra7 45. Rf6 Ra3 46. Rb6 Ra7 47. Rf6 1/2-1/2

[Event "Olimpiade 2024 - Donne"]
[Site "Budapest"]
[Date "22.09.2024"]
[Round "11.27"]
[White "Forgas Moreno, Yaniela"]
[Black "Mariam, Essa"]
[Result "0-1"]
[WhiteElo "2203"]
[BlackElo "1779"]
[ECO "B24"]
[Opening "Sicilian"]
[Variation "closed"]
[TimeControl "40/5400+30:1800"]
[EventDate "2024.09.11"]
[Board "3"]
[WhiteFideId "3508072"]
[BlackFideId "9306480"]
[WhiteTeam "Cuba"]
[BlackTeam "United Arab Emirates"]

1. e4 c5 2. Nc3 Nc6 3. g3 g6 4. Bg2 Bg7 5. d3 e5 6. Nge2 Nge7 7. O-O O-O 8.
f4 d6 9. Be3 Nd4 10. Qd2 Be6 11. h3 b5 12. Kh2 Rb8 13. Ng1 b4 14. Nd1 b3
15. axb3 exf4 16. Bxf4 Bxb3 17. c3 Ndc6 18. Ne3 Rb7 19. Ra6 Be6 20. Nc4
Bxc4 21. dxc4 Qc8 22. Ra2 Qe6 23. Rfa1 Rd8 24. Qe2 Ne5 25. Rxa7 Rxa7 26.
Rxa7 Nc8 27. Ra8 Nxc4 28. h4 N4b6 29. Rb8 Qe7 30. Qa6 Qc7 31. Rb7 Qc6 32.
e5 d5 33. c4 Qe6 34. Bg5 Re8 35. cxd5 Nxd5 36. Qc4 Ncb6 37. Qxc5 Bxe5 38.
Qb5 Bxg3+ 39. Kh1 Bf2 40. Nh3 Qc8 41. Bd2 Be3 42. Ba5 Re4 43. Qf1 Qxb7 44.
Bxe4 Qe7 45. Qf3 Qxh4 46. Kg2 Nf6 47. Bc6 Qg4+ 48. Qxg4 Nxg4 49. Bc3 f5 50.
Ng1 Kf7 51. Nf3 Ke6 52. Bb7 Nd5 53. Ba5 Nf4+ 54. Kf1 h5 55. b4 Nd3 56. b5
Nde5 57. b6 Kd6 58. Nh4 Bg5 59. Bb4+ Kd7 60. Bd5 Ne3+ 61. Ke2 Nxd5 62. b7
Kc7 63. Bd6+ Kxb7 64. Nxf5 gxf5 65. Bxe5 Bf4 66. Bd4 h4 67. Kf1 h3 68. Bg7
Ne3+ 69. Kg1 Ng4 70. Bd4 Kc6 71. Kh1 Kd5 72. Bb6 Be3 73. Bc7 Ke4 74. Bg3
Bf4 75. Bh4 Kf3 76. Be1 Bg3 77. Bf2 Nxf2+ 0-1

[Event "Olimpiade 2024 - Donne"]
[Site "Budapest"]
[Date "22.09.2024"]
[Round "11.27"]
[White "Anoud, Eisa Bashkardi"]
[Black "Hernandez Gil, Ineymig"]
[Result "1/2-1/2"]
[WhiteElo "1810"]
[BlackElo "2160"]
[ECO "B30"]
[Opening "Sicilian"]
[Variation "Nimzovich-Rossolimo attack (without ...d6)"]
[TimeControl "40/5400+30:1800"]
[EventDate "2024.09.11"]
[Board "4"]
[WhiteFideId "9323996"]
[BlackFideId "3526216"]
[WhiteTeam "United Arab Emirates"]
[BlackTeam "Cuba"]

1. e4 c5 2. Nf3 Nc6 3. Bb5 e6 4. O-O Nge7 5. Re1 b6 6. c3 a6 7. Bf1 d5 8.
exd5 Nxd5 9. d4 cxd4 10. Nxd4 Bb7 11. a3 Be7 12. c4 Nf6 13. Nxc6 Bxc6 14.
Nc3 Qc7 15. Bg5 Rd8 16. Qe2 O-O 17. Rad1 h6 18. Be3 Rxd1 19. Rxd1 Rc8 20.
Bd4 Qb7 21. h3 Nd7 22. Nd5 Bf8 23. Nb4 Ba4 24. Rc1 Nc5 25. Qe3 Rd8 26. Re1
Qd7 27. Bc3 Bb3 28. Qc1 a5 29. Nc2 Nd3 30. Bxd3 Qxd3 31. Ne3 Bc5 32. Ng4 h5
33. Qg5 Rd4 34. Ne5 Qf5 35. Qxf5 exf5 36. Bxd4 Bxd4 37. Nf3 Bf6 38. Nd2 Ba4
39. b3 Bc6 40. Rd1 g6 41. Nf1 Be7 42. Ra1 f4 43. Nd2 f6 44. Kf1 Kf7 45. Nf3
Bc5 46. Ne1 Be4 47. Ke2 g5 48. f3 Bf5 49. Nd3 Be3 50. b4 axb4 51. axb4 Ke7
52. Ra7+ Kd6 53. Ra6 Ke7 54. Nb2 Bc8 55. Ra7+ Kd6 56. Rh7 h4 57. Rh8 Bf5
58. Na4 Be6 59. Kd3 Bf5+ 60. Kc3 Ke5 61. Rb8 Bd4+ 62. Kb3 Bd3 63. Nxb6 Bf1
64. c5 Bxg2 65. Re8+ Kf5 66. Kc4 Bf2 67. b5 Bxh3 68. Nc8 Bf1+ 69. Kd5 Kg6
70. b6 Ba6 71. Nd6 h3 72. Ra8 h2 73. Rxa6 h1=Q 74. Ra3 Be3 75. b7 Qxf3+ 76.
Ne4 Qd1+ 77. Kc6 Qb1 78. Nd6 f3 79. Rxe3 f2 80. Rf3 Qh1 81. b8=Q Qxf3+ 82.
Kc7 Kh5 83. Qe8+ Kg4 84. Qe6+ f5 85. Qc4+ Kg3 86. Qf1 Qg2 87. Nxf5+ Kh2 88.
Qxg2+ Kxg2 89. Ne3+ Kf3 90. Nf1 Ke2 91. Ng3+ Kf3 92. Nf1 g4 93. Kb7 g3 94.
Nxg3 Kxg3 95. c6 f1=Q 96. c7 Qb5+ 97. Ka8 Qc6+ 98. Kb8 Qb6+ 99. Ka8 Qc6+
100. Kb8 Qd6 101. Kb7 Qd7 102. Kb8 Qb5+ 103. Ka8 Qa5+ 104. Kb8 Qb6+ 105.
Ka8 Qe6 106. Kb8 Qe5 107. Kb7 Qb5+ 108. Ka8 Qd7 109. Kb8 Qxc7+ 110. Kxc7
1/2-1/2

[Event "Olimpiade 2024 - Donne"]
[Site "Budapest"]
[Date "22.09.2024"]
[Round "11.28"]
[White "Movsesian, Julia"]
[Black "Dornbusch, Tatiana"]
[Result "1-0"]
[WhiteElo "2198"]
[BlackElo "2212"]
[ECO "C45"]
[Opening "Scotch"]
[Variation "Potter variation"]
[TimeControl "40/5400+30:1800"]
[EventDate "2024.09.11"]
[Board "1"]
[WhiteFideId "4139690"]
[BlackFideId "14107449"]
[WhiteTeam "Czech Republic"]
[BlackTeam "Monaco"]

1. e4 e5 2. Nf3 Nc6 3. d4 exd4 4. Nxd4 Bc5 5. Nb3 Bb6 6. Nc3 d6 7. Qe2 a5
8. Be3 a4 9. Bxb6 axb3 10. Be3 bxa2 11. Rxa2 Rxa2 12. Nxa2 Nge7 13. Nc3 O-O
14. Qd2 f5 15. f3 fxe4 16. Nxe4 d5 17. Ng3 Nf5 18. Be2 Nxe3 19. Qxe3 Qf6
20. c3 d4 21. cxd4 Nxd4 22. Bc4+ Kh8 23. O-O Nc2 24. Qf2 Qd4 25. Qxd4 Nxd4
26. Re1 Be6 27. Rxe6 Nxe6 28. Bxe6 Re8 29. Bc4 b5 30. Bxb5 Rb8 31. Bd3 Rxb2
32. Ne4 h6 33. h4 Kg8 34. h5 Kf7 35. Bc4+ Ke7 36. Kf1 Rb6 37. Ke2 g6 38.
hxg6 Rxg6 39. g4 Rb6 40. Ke3 Rb1 41. f4 Rh1 42. f5 Rc1 43. f6+ Kf8 44. Kd4
Rg1 45. Be6 Rd1+ 46. Ke5 Rc1 47. Kf5 Rc6 48. g5 hxg5 49. Nxg5 Rc5+ 50. Kg6
Ke8 51. Nh7 Rc6 52. Kg7 Rxe6 53. f7+ Ke7 54. f8=Q+ Kd7 55. Nf6+ Kc6 56.
Qa8+ Kd6 57. Qd5+ 1-0

[Event "Olimpiade 2024 - Donne"]
[Site "Budapest"]
[Date "22.09.2024"]
[Round "11.28"]
[White "Zvereva, Marija"]
[Black "Kanakova, Natalie"]
[Result "0-1"]
[WhiteElo "2035"]
[BlackElo "2145"]
[ECO "B23"]
[Opening "Sicilian"]
[Variation "closed"]
[TimeControl "40/5400+30:1800"]
[EventDate "2024.09.11"]
[Board "2"]
[WhiteFideId "4121082"]
[BlackFideId "350486"]
[WhiteTeam "Monaco"]
[BlackTeam "Czech Republic"]

1. e4 c5 2. Nc3 g6 3. f4 Bg7 4. Nf3 Nc6 5. a4 d6 6. Bb5 e6 7. Bxc6+ bxc6 8.
e5 d5 9. d3 Ne7 10. O-O a5 11. g4 h5 12. h3 Qb6 13. Kg2 Ba6 14. Ng5 Bh6 15.
Qf3 hxg4 16. hxg4 Bxg5 17. fxg5 Rh7 18. Qf6 Kd7 19. Rh1 Rxh1 20. Kxh1 Qb4
21. Qf3 Rh8+ 22. Kg2 Qb8 23. Qg3 c4 24. d4 c5 25. Ne2 c3 26. Nxc3 cxd4 27.
Nb5 Bxb5 28. axb5 Qxb5 29. Qf2 Rc8 30. Ra3 d3 31. Rxd3 Qc4 32. Bf4 Qxc2 33.
Rd2 Qe4+ 34. Kg3 Ke8 35. Re2 Qa4 36. Rd2 Qb3+ 37. Kg2 Rc4 38. Re2 Qd1 39.
Kg3 Qb3+ 40. Re3 Qb4 41. b3 Rc3 42. Qf3 d4 43. Rd3 Rxd3 44. Qxd3 Qc3 45.
Qxc3 dxc3 46. Kf3 Nd5 47. Bc1 Nb4 48. Ke2 Kd7 49. Be3 Kc6 50. Bd4 c2 51.
Kd2 Kb5 52. Kc1 a4 53. bxa4+ Kxa4 54. Kb2 Kb5 55. Bc3 c1=Q+ 0-1

[Event "Olimpiade 2024 - Donne"]
[Site "Budapest"]
[Date "22.09.2024"]
[Round "11.28"]
[White "Rodshtein, Tereza"]
[Black "Berezovsky, Fiorina"]
[Result "1-0"]
[WhiteElo "2149"]
[BlackElo "1976"]
[ECO "B74"]
[Opening "Sicilian"]
[Variation "dragon, classical, 9.Nb3"]
[TimeControl "40/5400+30:1800"]
[EventDate "2024.09.11"]
[Board "3"]
[WhiteFideId "325449"]
[BlackFideId "5400651"]
[WhiteTeam "Czech Republic"]
[BlackTeam "Monaco"]

1. e4 c5 2. Nf3 Nc6 3. Nc3 g6 4. d4 cxd4 5. Nxd4 Bg7 6. Nb3 d6 7. Be2 Nf6
8. Be3 O-O 9. O-O Bd7 10. f4 Rc8 11. Bf3 Qc7 12. Kh1 Rfd8 13. g4 Be6 14. g5
Ne8 15. Bg2 Qd7 16. f5 gxf5 17. Qh5 Bxc3 18. bxc3 Ng7 19. Qh6 Bxb3 20. axb3
a6 21. Rf4 Qe6 22. Raf1 Qxh6 23. gxh6 e5 24. Rh4 Ne6 25. exf5 Nf4 26. Rg4+
Kh8 27. Bxc6 Rxc6 28. Rfxf4 Rxc3 29. Rf3 f6 30. Bg5 1-0

[Event "Olimpiade 2024 - Donne"]
[Site "Budapest"]
[Date "22.09.2024"]
[Round "11.28"]
[White "Berezovska, Svetlana"]
[Black "Novosadova, Kristyna"]
[Result "0-1"]
[WhiteElo "1869"]
[BlackElo "2066"]
[ECO "C45"]
[Opening "Scotch"]
[Variation "Potter variation"]
[TimeControl "40/5400+30:1800"]
[EventDate "2024.09.11"]
[Board "4"]
[WhiteFideId "5400740"]
[BlackFideId "328065"]
[WhiteTeam "Monaco"]
[BlackTeam "Czech Republic"]

1. e4 e5 2. Nf3 Nc6 3. d4 exd4 4. Nxd4 Bc5 5. Nb3 Bb6 6. Nc3 Qf6 7. Qe2
Nge7 8. Be3 d6 9. O-O-O Bd7 10. Kb1 O-O-O 11. f3 Qg6 12. Bxb6 axb6 13. Qf2
h5 14. Be2 f5 15. Rd2 h4 16. Re1 f4 17. Bb5 Ne5 18. Bxd7+ Kxd7 19. Nd5 Nxd5
20. Rxd5 h3 21. g3 fxg3 22. hxg3 h2 23. Qg2 Qh5 24. Rh1 Qxf3 25. Qxf3 Nxf3
26. Kc1 Rdf8 27. Rf5 Rxf5 28. exf5 Re8 0-1

[Event "Olimpiade 2024 - Donne"]
[Site "Budapest"]
[Date "22.09.2024"]
[Round "11.29"]
[White "Gomez Barrera, Javiera Belen"]
[Black "Rivera, Ingris"]
[Result "1-0"]
[WhiteElo "2123"]
[BlackElo "2171"]
[ECO "B90"]
[Opening "Sicilian"]
[Variation "Najdorf, Byrne (English) attack"]
[TimeControl "40/5400+30:1800"]
[EventDate "2024.09.11"]
[Board "1"]
[WhiteFideId "3418723"]
[BlackFideId "4402472"]
[WhiteTeam "Chile"]
[BlackTeam "Colombia"]

1. e4 c5 2. Nf3 d6 3. d4 cxd4 4. Nxd4 Nf6 5. Nc3 a6 6. Be3 e5 7. Nb3 Be6 8.
f3 Be7 9. Qd2 O-O 10. O-O-O b5 11. g4 b4 12. Na4 Nbd7 13. g5 Nh5 14. Qxb4
d5 15. Qa5 Bxg5 16. Bxg5 Qxg5+ 17. Kb1 dxe4 18. Nd4 Qg6 19. Nxe6 Qxe6 20.
fxe4 Nhf6 21. Qc7 Rfc8 22. Qd6 Qxd6 23. Rxd6 Rc7 24. Rxa6 Rxa6 25. Bxa6
Nxe4 26. b4 f5 27. Kb2 Nb8 28. Be2 Ra7 29. Nb6 Nc6 30. Bc4+ Kf8 31. c3 Nd6
32. Rd1 Nxc4+ 33. Nxc4 e4 34. b5 Rb7 35. a4 Rb8 36. Kc2 Ne7 37. b6 f4 38.
a5 e3 39. Ne5 Re8 40. b7 f3 41. Nxf3 Nc6 42. a6 Ke7 43. Nd4 Kd6 44. Nxc6+
Kxc6 45. Rb1 e2 46. a7 1-0

[Event "Olimpiade 2024 - Donne"]
[Site "Budapest"]
[Date "22.09.2024"]
[Round "11.29"]
[White "Argote Heredia, Valentina"]
[Black "Abarca Gonzalez, Damaris"]
[Result "1-0"]
[WhiteElo "2144"]
[BlackElo "1991"]
[ECO "C95"]
[Opening "Ruy Lopez"]
[Variation "closed, Breyer, Borisenko variation"]
[TimeControl "40/5400+30:1800"]
[EventDate "2024.09.11"]
[Board "2"]
[WhiteFideId "4431022"]
[BlackFideId "3409414"]
[WhiteTeam "Colombia"]
[BlackTeam "Chile"]

1. e4 e5 2. Nf3 Nc6 3. Bb5 a6 4. Ba4 Nf6 5. O-O Be7 6. Re1 b5 7. Bb3 d6 8.
c3 O-O 9. h3 Nb8 10. d4 Nbd7 11. Nbd2 Bb7 12. Bc2 Re8 13. Nf1 Bf8 14. Ng3
g6 15. a4 c5 16. d5 c4 17. Bg5 h6 18. Be3 Nc5 19. Qd2 h5 20. Bh6 Qe7 21.
Bxf8 Qxf8 22. Nh4 Kh7 23. Qg5 Qg7 24. f4 Nfd7 25. f5 Qf6 26. Nf3 Qxg5 27.
Nxg5+ Kg7 28. fxg6 fxg6 29. Rf1 Nf6 30. h4 Rf8 31. Rf3 Bc8 32. Rff1 Bd7 33.
axb5 axb5 34. Nf3 Ng4 35. Rfe1 Rfb8 36. Nf1 Bc8 37. N3h2 Nf6 38. Nd2 Bb7
39. Kf2 Rf8 40. Ke2 Rfb8 41. Ke3 Bc8 42. b3 cxb3 43. Bxb3 Nxb3 44. Nxb3 Ra4
45. Nd2 Rba8 46. Rab1 Ra3 47. Rec1 Bd7 48. Ke2 Rc8 49. Kd3 Rb8 50. Rb4 Rba8
51. Nhf3 Ng4 52. Ng5 R8a4 53. Rcb1 Rxb4 54. Rxb4 Nf2+ 55. Ke2 Ng4 56. Rb3
Ra1 57. c4 bxc4 58. Rb7 Nf6 59. Nxc4 Ra2+ 60. Kd3 Rxg2 61. Nxd6 Kf8 62.
Rb8+ Ke7 63. Nc4 Rg3+ 64. Ke2 Bg4+ 65. Kf2 Rc3 66. Nxe5 Rc2+ 67. Ke3 Rh2
68. Nxg6+ Kd7 69. Rf8 Ne8 70. e5 Nc7 71. Nf4 Rh1 72. Rf7+ Kd8 73. e6 Re1+
74. Kf2 Re5 75. Rf8+ Ne8 76. Nf7+ 1-0

[Event "Olimpiade 2024 - Donne"]
[Site "Budapest"]
[Date "22.09.2024"]
[Round "11.29"]
[White "Jorquera Cabello, Valentina"]
[Black "Chirivi C, Jenny Astrid"]
[Result "0-1"]
[WhiteElo "1919"]
[BlackElo "2120"]
[ECO "C53"]
[Opening "Giuoco Piano"]
[TimeControl "40/5400+30:1800"]
[EventDate "2024.09.11"]
[Board "3"]
[WhiteFideId "3405494"]
[BlackFideId "4403061"]
[WhiteTeam "Chile"]
[BlackTeam "Colombia"]

1. e4 e5 2. Nf3 Nc6 3. Bc4 Bc5 4. c3 Nf6 5. d3 d6 6. Nbd2 O-O 7. O-O a5 8.
h3 Ba7 9. Re1 Ne7 10. Nf1 Ng6 11. Ng3 c6 12. Bb3 d5 13. Bg5 h6 14. Bxf6
Qxf6 15. Nh5 Qd6 16. Qe2 Re8 17. Nh2 f5 18. c4 fxe4 19. dxe4 Rf8 20. Rf1
dxc4 21. Bxc4+ Kh7 22. Rad1 Qe7 23. Nf3 b5 24. Bb3 a4 25. Bc2 Be6 26. a3
Rf7 27. Kh1 Raf8 28. Rd3 Bc4 29. b3 Bxd3 30. Qxd3 Rxf3 31. gxf3 Qh4 32. f4
Qxh5 33. f5 Nf4 34. Qg3 Qxh3+ 35. Qxh3 Nxh3 36. bxa4 bxa4 37. f3 Bd4 38.
Bxa4 Ra8 39. Bxc6 Rxa3 40. Rb1 Rxf3 41. Kg2 Rc3 42. Be8 Nf4+ 43. Kf1 Rh3
44. Bg6+ Nxg6 45. fxg6+ Kxg6 46. Rb7 Re3 47. Rc7 Rxe4 48. Kg2 Re3 49. Rc6+
Kf5 50. Rc7 g6 51. Rf7+ Kg4 52. Rf6 g5 53. Rxh6 Re2+ 54. Kh1 Re1+ 55. Kh2
e4 56. Re6 Kf5 57. Re8 Be5+ 58. Kg2 Re2+ 59. Kg1 e3 0-1

[Event "Olimpiade 2024 - Donne"]
[Site "Budapest"]
[Date "22.09.2024"]
[Round "11.29"]
[White "Mogollon Tobar, Nicolle Julieth"]
[Black "Morales Flores, Monserrat"]
[Result "1-0"]
[WhiteElo "2045"]
[BlackElo "1938"]
[ECO "B43"]
[Opening "Sicilian"]
[Variation "Kan, 5.Nc3"]
[TimeControl "40/5400+30:1800"]
[EventDate "2024.09.11"]
[Board "4"]
[WhiteFideId "4452194"]
[BlackFideId "3412016"]
[WhiteTeam "Colombia"]
[BlackTeam "Chile"]

1. e4 c5 2. Nf3 e6 3. d4 cxd4 4. Nxd4 a6 5. Nc3 b5 6. Bd3 Qc7 7. O-O Nf6 8.
Re1 Bb7 9. e5 Nd5 10. Nxd5 Bxd5 11. Qg4 Nc6 12. Nxc6 Bxc6 13. h4 h5 14. Qg3
Be7 15. Bg5 Qd8 16. Be4 Bxe4 17. Bxe7 Qxe7 18. Qxg7 O-O-O 19. Rxe4 Rdg8 20.
Qf6 Qxf6 21. exf6 Rg6 22. a4 Kb7 23. axb5 axb5 24. Rb4 Kc6 25. Ra6+ Kc5 26.
Rf4 Rg4 27. Rxg4 hxg4 28. g3 Rh6 29. Ra7 Kc6 30. Ra8 Rxf6 31. Rg8 Rg6 32.
Rh8 d5 33. Kf1 e5 34. Ke2 Kc5 35. Rh7 f6 36. Rf7 Kd4 37. c3+ Kc5 38. b4+
Kc6 39. Ke3 Kd6 40. Rf8 Kc6 41. Rc8+ Kd6 42. Rc5 Rg8 43. Rxb5 Rc8 44. Rb6+
Ke7 45. Kd3 Rc4 46. b5 Ra4 47. Ra6 Rc4 48. b6 Rc8 49. b7 Rb8 50. Rb6 f5 51.
c4 dxc4+ 52. Kxc4 f4 53. Kd5 fxg3 54. fxg3 Kd7 55. Kxe5 Kc7 56. Rb3 1-0

[Event "Olimpiade 2024 - Donne"]
[Site "Budapest"]
[Date "22.09.2024"]
[Round "11.30"]
[White "Goossens, Hanne"]
[Black "Noshin, Anjum"]
[Result "1/2-1/2"]
[WhiteElo "2189"]
[BlackElo "2085"]
[ECO "C53"]
[Opening "Giuoco Piano"]
[TimeControl "40/5400+30:1800"]
[EventDate "2024.09.11"]
[Board "1"]
[WhiteFideId "200468"]
[BlackFideId "10218564"]
[WhiteTeam "Belgium"]
[BlackTeam "Bangladesh"]

1. e4 e5 2. Nf3 Nc6 3. Bc4 Bc5 4. c3 Nf6 5. d4 exd4 6. e5 d5 7. Bb5 Ne4 8.
cxd4 Bb6 9. Nc3 O-O 10. Be3 Bg4 11. h3 Bh5 12. Qc2 Bg6 13. Qb3 Na5 14. Qxd5
Qe7 15. Qd7 Qb4 16. O-O Rfd8 17. Nd5 Qxb2 18. Ne7+ Kf8 19. Nxg6+ fxg6 20.
Qg4 Qxb5 21. Qxe4 Qd5 22. Qh4 Kg8 23. Ng5 h6 24. Nf3 Nc6 25. Rfd1 Re8 26.
Qg4 Ne7 27. h4 Rad8 28. h5 gxh5 29. Qxh5 Qf7 30. Qg4 Qf5 31. Qxf5 Nxf5 32.
g4 Ne7 33. Rd2 Rd5 34. Kg2 Nc6 35. Kg3 Red8 36. Rc1 g5 37. Rcd1 R8d7 38.
Rc1 Nd8 39. Rc4 Ne6 40. a4 Kf7 41. Rb2 c6 42. Rb1 1/2-1/2